 Dungeon Crawl Stone Soup version 0.20.1-1-g8b1a95d66d (webtiles) character file.

126 Peloso the Shield-Bearer (level 4, -9/40 HPs)
             Began as a Minotaur Fighter on Dec 25, 2017.
             Killed by divine providence
             ... invoked by an orc priest
              (11 damage)
             ... on level 3 of the Dungeon.
             The game lasted 00:03:01 (1808 turns).

Peloso the Shield-Bearer (Minotaur Fighter)         Turns: 1808, Time: 00:03:02

Health: -9/40      AC:  7    Str: 21    XL:     4   Next: 83%
Magic:  3/3        EV:  8    Int:  5    God:
Gold:   87         SH: 10    Dex: 10    Spells: 3/3 levels left

rFire    . . .     SeeInvis .   a - +0 long sword
rCold    . . .     Gourm    .   c - +0 shield
rNeg     . . .     Faith    .   b - +0 scale mail
rPois    .         Spirit   .   (helmet restricted)
rElec    .         Reflect  .   (no cloak)
rCorr    .         Harm     .   (no gloves)
MR       .....                  (no boots)
Stlth    ..........             (no amulet)
Regen    0.2/turn               (no ring)
MPRegen  0.1/turn               (no ring)

@: no status effects
A: retaliatory headbutt, horns 2
a: no special abilities


You were on level 3 of the Dungeon.
You were very hungry.

You visited 1 branch of the dungeon, and saw 3 of its levels.

You collected 87 gold pieces.

Inventory:

Hand Weapons
 a - a +0 long sword (weapon)
Armour
 b - a +0 scale mail (worn)
 c - a +0 shield (worn)
Wands
 k - a wand of random effects (35/48)
 p - a wand of random effects (24/48)
Scrolls
 e - a scroll of identify {unknown}
 h - a scroll of magic mapping {unknown}
 i - a scroll of amnesia {unknown}
 l - a scroll of remove curse {unknown}
 m - a scroll of random uselessness {unknown}
 n - a scroll of enchant armour {unknown}
 o - a scroll of teleportation {unknown}
Potions
 d - a potion of might
 j - 3 potions of curing
 q - a potion of degeneration {unknown}
Comestibles
 f - 2 bread rations
 g - a royal jelly


   Skills:
 + Level 4.1 Fighting
 + Level 3.4 Long Blades
 + Level 4.4 Armour
 + Level 1.3 Dodging
 + Level 0.1 Stealth
 + Level 4.9 Shields


You had 3 spell levels left.
You didn't know any spells.

Dungeon Overview and Level Annotations

Branches:
Dungeon (3/15)

Altars:


Innate Abilities, Weirdness & Mutations

You reflexively headbutt those who attack you in melee.
You have a pair of horns on your head.


Message History

The orc priest mumbles some strange prayers to Beogh against you.
Pain shoots through your body!
You closely miss the orc priest. Your headbutt misses the orc priest.
The orc priest is heavily wounded.
You block the orc priest's attack.
The orc priest hits you but does no damage.
You hit the orc priest.
The orc priest is almost dead.
You block the orc priest's attack.
You closely miss the orc priest. Your headbutt misses the orc priest.
The orc priest is almost dead.
The orc priest calls down the wrath of Beogh upon you.
Beogh smites you!
* * * LOW HITPOINT WARNING * * *
You hit the orc priest.
You kill the orc priest!
Your Fighting skill increases to level 4!
The orc priest calls down the wrath of Beogh upon you.
Beogh smites you!
You die...

####... ....... ####...
....... ####### ##
.###### #. ........#<#.
######.# .#####..#.#.
#oo@...# ..#
#..#.#.##.###### . #.#
#.......#.# .. #.#
#..<....#.# ... #.##
#.......#.######...$ ...#
#.......'...........
##.###.......###.........
....##.......# #.........
##...........# #.ooo..###


You could see an orc priest and an orc.

Vanquished Creatures
  An orc priest (D:3)
  Jessica (D:2)
  An adder (D:2)
  A worm (D:2)
  A dart slug (D:1)
  A leopard gecko (D:1)
  An orc (D:3)
  2 ball pythons
  3 giant cockroaches
  6 hobgoblins
  7 jackals
  5 kobolds
  A quokka (D:2)
  9 bats
  3 frilled lizards
  3 goblins
  8 rats
54 creatures vanquished.

Notes
Turn   | Place    | Note
-------+----------+-------------------------------------------
     0 | D:1      | Peloso the Minotaur Fighter began the quest for the Orb.
     0 | D:1      | Reached XP level 1. HP: 19/19 MP: 0/0
   337 | D:1      | Reached XP level 2. HP: 27/27 MP: 1/1
  1044 | D:2      | Reached XP level 3. HP: 21/33 MP: 2/2
  1236 | D:2      | Found a faded altar of an unknown god.
  1538 | D:2      | Noticed Jessica
  1547 | D:2      | Killed Jessica
  1547 | D:2      | Reached skill level 1 in Dodging
  1547 | D:2      | Reached XP level 4. HP: 30/40 MP: 3/3
  1807 | D:3      | HP: 2/40 [orc priest/divine providence (14)]
  1808 | D:3      | Killed from afar by an orc priest

Skill      XL: |  1  2  3  4 |
---------------+-------------+-----
Shields        | 4 |  4.9
Armour         | 4 |  4.4
Long Blades    | 3 |  3.4
Dodging        | 1 |  1.3
Fighting       | 4 |  4.1
Stealth        | |  0.1

Action                   |  1- 3 |  4- 6 || total
-------------------------+-------+-------++-------
Melee: Long sword        |   114 |    20 ||   134
       Headbutt          |    15 |     3 ||    18
  Use: Potion            |     6 |       ||     6
  Eat: Chunk             |     1 |     1 ||     2
Armor: Scale mail        |    70 |    12 ||    82
Dodge: Dodged            |    45 |     5 ||    50
Block: Shield            |    77 |    15 ||    92
       Rpst.: Long sword |    12 |     3 ||    15
